 Dungeon Crawl Stone Soup version 0.30-a0-335-ge5acde7520 (webtiles) character file.

Game seed: 8394280328216661552

180153 gruber the Devastator (level 17, -12/144 HPs)
             Began as a Grey Draconian Conjurer on Oct 29, 2022.
             Was a High Priest of Vehumet.
             Killed from afar by Roxanne (47 damage)
             ... with a crystal spear
             ... on level 3 of the Spider Nest on Oct 30, 2022.
             The game lasted 01:21:03 (39261 turns).

gruber the Devastator (Grey Draconian Conjurer)    Turns: 39261, Time: 01:21:04

Health: -12/144    AC: 21    Str:  8    XL:     17   Next: 31%
Magic:  21/32      EV: 16    Int: 25    God:    Vehumet [*****.]
Gold:   2253       SH:  0    Dex: 11    Spells: 15/38 levels left

rFire   + . .      SeeInvis +    P - +10 quarterstaff of Zaclag {speed, rPois Will+}
rCold   + . .      Faith    .    (shield currently unavailable)
rNeg    . . .      Spirit   .    (body armour unavailable)
rPois   +          Reflect  .    L - +1 hat {Will+}
rElec   +          Harm     .    K - +0 cloak of the Thirsty Ships {rF+ rC+ rCorr}
rCorr   +          Rampage  .    A - +0 pair of gloves
Will    +++..                    S - +3 pair of boots of Dishonour {Drain +Blink rElec rPois}
Stlth   ++........               e - amulet of magic regeneration
HPRegen 0.44/turn                U - ring of Vehumet's Displeasure {Wiz SInv}
MPRegen 0.63/turn                k - +4 ring of slaying

@: no status effects
A: AC +14, amphibious, unfitting armour, cold-blooded, weak 1
}: 1/15 runes: barnacled
a: Renounce Religion, Evoke Blink


You were on level 3 of the Spider Nest.
You worshipped Vehumet.
Vehumet was extremely pleased with you.
You visited 6 branches of the dungeon, and saw 30 of its levels.
You also visited: Gauntlet and Volcano.

You collected 2253 gold pieces.

Inventory:

Hand Weapons
 P - the +10 quarterstaff of Zaclag (weapon) {speed, rPois Will+}
   (You found it on level 9 of the Dungeon)

   Attacks with this weapon are significantly faster.
   rPois:     It protects you from poison.
   Will:      It increases your willpower.
Missiles
 I - 10 javelins
 N - 6 throwing nets
 Q - 14 curare-tipped darts
Armour
 A - a +0 pair of gloves (worn)
 K - the +0 cloak of the Thirsty Ships (worn) {rF+ rC+ rCorr}
   (You acquired it on level 11 of the Dungeon)

   rF:        It protects you from fire.
   rC:        It protects you from cold.
   rCorr:     It protects you from acid and corrosion.
 L - a +1 hat of willpower (worn)
 S - the +3 pair of boots of Dishonour (worn) {Drain +Blink rElec rPois}
   (You found it in a volcano)

   rElec:     It insulates you from electricity.
   rPois:     It protects you from poison.
   +Blink:    It lets you blink.
   Drain:     It drains your maximum health when unequipped.
Jewellery
 e - an amulet of magic regeneration (around neck)
 f - the ring of Zoomuir {rC+ AC+4}
   (You found it in a Gauntlet)

   [ring of protection]

   AC:        It affects your AC (+4).
   rC:        It protects you from cold.
 k - a +4 ring of slaying (right hand)
 p - a ring of willpower
 r - a ring of flight
 F - a ring of fire
 R - the ring of Tah Faop {Ice Int+5}
   (You found it in a Gauntlet)

   [ring of ice]

   It enhances your ice magic.
   Int:       It affects your intelligence (+5).
   rF:        It makes you vulnerable to fire.
   rC:        It protects you from cold.
 U - the ring of Vehumet's Displeasure (left hand) {Wiz SInv}
   (You acquired it on level 12 of the Dungeon)

   [ring of wizardry]

   It improves your spell success rate.
   SInv:      It lets you see invisible.
 X - the ring of Itaffoap {rF+ rC+ rN+}
   (You took it off a merfolk siren on level 4 of the Shoals)

   [ring of protection from fire]

   rF:        It protects you from fire.
   rC:        It protects you from cold.
   rN:        It protects you from negative energy.
Wands
 u - a wand of charming (20)
 w - a wand of iceblast (14)
 C - a wand of digging (11)
 D - a wand of polymorph (15)
 T - a wand of flame (5)
Scrolls
 b - 22 scrolls of teleportation
 j - 2 scrolls of blinking
 o - 12 scrolls of poison
 q - 5 scrolls of amnesia
 x - 2 scrolls of magic mapping
 y - 6 scrolls of fear
 z - 2 scrolls of butterflies
 B - 3 scrolls of summoning
 E - 3 scrolls of immolation
 H - 5 scrolls of vulnerability
Potions
 a - a potion of magic
 c - 3 potions of lignification
 d - 7 potions of flight
 g - 5 potions of might
 h - 8 potions of invisibility
 i - 5 potions of resistance
 l - 11 potions of curing
 m - 9 potions of heal wounds
 n - 11 potions of brilliance
 s - a potion of cancellation
 t - 3 potions of haste
 v - 2 potions of berserk rage
 W - a potion of ambrosia
Miscellaneous
 M - a lightning rod (4/4)
 V - a tin of tremorstones (2/2)


   Skills:
 - Level 11.4 Fighting
 - Level 14.0 Staves
 * Level 11.1 Dodging
 - Level 1.7 Stealth
 - Level 11.1 Spellcasting
 - Level 17.1 Conjurations
 - Level 3.1 Translocations
 - Level 16.1 Earth Magic


You had 15 spell levels left.
You knew the following spells:

 Your Spells              Type           Power      Damage    Failure   Level
a - Magic Dart            Conj           100%       1d8       0%          1
b - Searing Ray           Conj           100%       2d8       0%          2
c - Iskenderun's Mystic   Conj/Tloc      59%        2d12      1%          4
d - Frozen Ramparts       Ice            26%        1d4       1%          3
e - Lehudib's Crystal Sp  Conj/Erth      38%        10d10     3%          8
f - Irradiate             Conj/Tmut      27%        3d20      1%          5

Your spell library contained the following spells:

 Spells                   Type           Power      Damage    Failure   Level
 Yara's Violent Unravell  Hex/Tmut       6%         3d5       13%         5
 Shock                    Conj/Air       100%       1d9       1%          1
 Summon Small Mammal      Summ           52%        N/A       1%          1
 Blink                    Tloc           58%        N/A       1%          2
 Dazzling Flash           Conj/Hex       100%       N/A       1%          3
 Inner Flame              Hex/Fire       13%        N/A       1%          3
 Flame Wave               Conj/Fire      54%        2d13      1%          4
 Fulminant Prism          Conj/Hex       27%        3d14      1%          4
 Leda's Liquefaction      Hex/Erth       26%        N/A       1%          4
 Sticky Flame             Conj/Fire      54%        2d7       1%          4
 Portal Projectile        Hex/Tloc       42%        N/A       2%          3
 Starburst                Conj/Fire      27%        6d9       2%          6
 Manifold Assault         Tloc           29%        N/A       4%          4
 Passage of Golubria      Tloc           29%        N/A       4%          4
 Call Canine Familiar     Summ           13%        N/A       5%          3
 Summon Guardian Golem    Hex/Summ       13%        N/A       5%          3
 Swiftness                Air            13%        N/A       5%          3
 Tukima's Dance           Hex            13%        N/A       5%          3
 Airstrike                Air            6%         2d(1-17)  5%          4
 Blade Hands              Tmut           6%         N/A       43%         5
 Silence                  Hex/Air        6%         N/A       43%         5
 Storm Form               Tmut/Air       6%         N/A       100%        7


Dungeon Overview and Level Annotations

Branches:
Dungeon (15/15)            Temple (1/1) D:7            Lair (5/5) D:11
 Shoals (4/4) Lair:3       Spider (3/4) Lair:2        Slime (0/5) Lair:5
    Orc (2/2) D:12         Vaults (0/5) D:13         Depths (0/4) D:15
Volcano (visited)         Gauntlet (visited)
    Elf: Orc:2

Altars:
Ashenzari
Cheibriados
Dithmenos
Elyvilon
Fedhas
Gozag
Hepliaklqana
Kikubaaqudgha
Makhleb
Nemelex Xobeh
Okawaru
Qazlal
Ru
Sif Muna
Trog
Uskayaw
Vehumet
Wu Jian
Xom
Yredelemnul
Zin
The Shining One
Jiyva

Shops:
D:4 (   D:7 [   D:8 :   D:9 *   D:14 [   D:15 [   Orc:2 *   Shoals:1 (
Shoals:2 *(

Portals:
Trove: D:10 (give 11 potions of heal wounds)

Annotations:
D:5 1 runed translucent door, gabibbone's ghost, amateur TeBr
D:9 3 runed translucent doors, Stoves66's ghost, novice HuAr
Lair:5 3 runed translucent doors, DEFE's ghost, journeyman AtFi
Shoals:4 3 runed translucent doors, exclusion: obsidian statue, QuickerDeath's ghost, adept DrCj
Spider:3 Roxanne
Orc:2 Saint Roka


Innate Abilities, Weirdness & Mutations

Your dull iron-grey scales are very hard. (AC +14)
You are amphibious.
You cannot fit into any form of body armour.
You are cold-blooded and may be slowed by cold attacks.
You are weak. (Str -2)


Message History

Aiming: Lehudib's Crystal Spear (dangerous; 3% risk of failure)
Press: ? - help, Shift-Dir - straight line, f/p - Roxanne
Aim: Roxanne (moderately damaged, 100% to hit)
The crystal spear hits Roxanne!!
Roxanne is heavily damaged.
The wolf spider hits you! The wolf spider misses you. The wolf spider hits you.
The wolf spider bites you but does no damage.
Casting: Lehudib's Crystal Spear (dangerous; 3% risk of failure)
Confirm with . or Enter, or press ? or * to list all spells.
Aiming: Lehudib's Crystal Spear (dangerous; 3% risk of failure)
Press: ? - help, Shift-Dir - straight line, f/p - Roxanne
Aim: Roxanne (heavily damaged, 100% to hit)
The crystal spear hits Roxanne!!!
Roxanne is severely damaged.
The wolf spider hits you but does no damage.
The wolf spider bites you but does no damage.
Roxanne casts a spell.
The iron shot hits you!!
Roxanne casts a spell.
The crystal spear hits you!
The wolf spider hits you but does no damage.
The wolf spider misses you.
Casting: Lehudib's Crystal Spear (dangerous; 3% risk of failure)
Confirm with . or Enter, or press ? or * to list all spells.
You don't have enough magic to cast this spell.
You hit Roxanne but do no damage.
Roxanne is severely damaged.
You hit Roxanne but do no damage.
Roxanne is severely damaged.
The wolf spider closely misses you. The wolf spider barely misses you.
Roxanne mumbles some strange words.
The iron shot hits you!
* * * LOW HITPOINT WARNING * * *
Unknown command.
Magic courses through your body. The wolf spider barely misses you.
The wolf spider bites you!
* * * LOW HITPOINT WARNING * * *
Roxanne mumbles some strange words.
The crystal spear hits you!!!
You die...

. .. ... .. ...#.######
#.......## ##### ###
.#s@..##....# ##.#
#.....8..)#^.. ####...
#............###......
#.^..#........##..#...#
##.#.......#..##.......
#####.###...####^...^.
### ##...###....##
##^...##....#..
#....##.^....#.


You could see Roxanne and a wolf spider.

Vanquished Creatures
  Mlioglotl (Spider:2)
  Gastronok (Lair:1)
  2 frost giants (Shoals:4)
  3 emperor scorpions (Spider:2)
  A ghost moth (Spider:3)
  2 stone giants
  5 spark wasps
  A minotaur (Gauntlet)
  A dire elephant (Lair:5)
  2 ettins
  Snorg (D:14)
  5 merfolk javelineers (Shoals:4)
  11 merfolk impalers
  3 entropy weavers
  3 hydras
  2 merfolk avatars
  4 boulder beetles
  An ogre mage (D:13)
  A catoblepas (D:15)
  2 centaur warriors
  An alligator snapping turtle (Shoals:4)
  2 merfolk aquamancers (Shoals:4)
  7 two-headed ogres
  A tengu warrior (Gauntlet)
  A death yak (Lair:5)
  A satyr (Shoals:2)
  Sonja (Lair:2)
  8 skeletal warriors
  A spectral death yak (Lair:5)
  2 pharaoh ants
  A spectral anaconda (Lair:5)
  An obsidian statue (Lair:5)
  A sun moth (Spider:1)
  2 steelbarb worms (Spider:2)
  5 orb spiders
  21 harpies
  2 deep elf pyromancers (D:14)
  2 wizards (Gauntlet)
  12 sea snakes
  4 necromancers (Lair:5)
  25 ugly things
  3 orc knights
  14 wolf spiders
  An orc sorcerer (Orc:2)
  3 fauns (Shoals:2)
  13 cyclopes
  9 merfolk sirens
  17 manticores
  A dire elephant zombie (Lair:5)
  4 water nymphs
  19 elephants (Lair:5)
  A black mamba (Lair:4)
  A gargoyle (Volcano)
  2 torpor snails
  4 centaur skeletons (D:13)
  9 cane toads
  A kobold demonologist (D:12)
  A rime drake (shapeshifter) (D:13)
  8 komodo dragons
  2 yaktaurs (D:13)
  2 demonic crawlers
  2 rime drakes (Lair:3)
  An efreet (Volcano)
  10 trolls
  2 tengu conjurers (Gauntlet)
  25 merfolk
  4 hornets
  3 wind drakes
  3 meliai (Spider:2)
  A polar bear (Lair:4)
  16 tarantellas
  Prince Ribbit (D:5)
  14 blink frogs
  11 dream sheep
  A spectral elephant (Lair:5)
  8 snapping turtles
  11 culicivoras
  8 jumping spiders
  5 wyverns
  28 yaks
  2 wraiths
  3 vampires
  A shadow (D:10)
  2 fire elementals (Volcano)
  6 fire bats (Volcano)
  8 water elementals
  Grum (D:8)
  5 vampire mosquitoes
  16 redbacks
  4 basilisks
  A warg (D:12)
  A spectral cane toad (Lair:5)
  A death yak simulacrum (Lair:5)
  15 water moccasins
  2 acid dragons
  2 elephant zombies (Lair:5)
  3 black bears
  13 ogres
  18 orc warriors
  A sky beast (D:7)
  An ice beast (D:5)
  An elephant skeleton (Lair:5)
  A tengu (shapeshifter) (D:13)
  6 wolves
  2 phantoms (D:4)
  13 centaurs
  4 kobold brigands
  Blork the orc (D:6)
  7 bullfrogs
  2 scorpions
  A cane toad simulacrum (Lair:5)
  7 wights (D:8)
  An elephant simulacrum (Lair:5)
  6 killer bees (D:9)
  2 electric eels (Lair:5)
  8 lava snakes (Volcano)
  11 orc priests
  7 gnoll boudas
  4 hounds
  3 jellies
  12 iguanas
  21 orc wizards
  3 hell rats (D:6)
  20 gnolls
  12 adders
  19 river rats (D:6)
  2 shadow imps
  6 white imps
  An ufetubus (D:5)
  4 dart slugs
  3 worms
  69 orcs
  6 ball pythons
  12 bats
  6 endoplasms
  5 giant cockroaches
  6 goblins
  14 hobgoblins
  A jackal (D:3)
  4 quokkas
  6 frilled lizards
  16 kobolds
  8 rats
871 creatures vanquished.

Vanquished Creatures (others)
  An angel (D:6)
  An orc warrior (Orc:2)
  A bush (Lair:3)
  28 fungi
  80 plants
  4 toadstools (D:2)
  20 withered plants
135 creatures vanquished.

Grand Total: 1006 creatures vanquished

Notes
Turn   | Place    | Note
-------+----------+-------------------------------------------
     0 | D:1      | gruber the Draconian Conjurer began the quest for the Orb.
     0 | D:1      | Reached XP level 1. HP: 14/14 MP: 3/3
   220 | D:1      | Reached XP level 2. HP: 4/20 MP: 3/5
   410 | D:1      | Found a faded altar of an unknown god.
   864 | D:1      | Reached skill level 5 in Conjurations
   864 | D:1      | Reached XP level 3. HP: 21/26 MP: 2/6
  2114 | D:3      | Reached XP level 4. HP: 33/33 MP: 3/7
  2671 | D:3      | Reached skill level 6 in Conjurations
  2904 | D:3      | Reached XP level 5. HP: 38/38 MP: 1/8
  3220 | D:3      | Found a basalt altar of Yredelemnul.
  3651 | D:4      | Learned a level 2 spell: Searing Ray
  3659 | D:4      | Learned a level 4 spell: Iskenderun's Mystic Blast
  3736 | D:4      | Found a bloodstained altar of Trog.
  3853 | D:4      | Noticed a phantom
  3859 | D:4      | Reached skill level 7 in Conjurations
  3872 | D:4      | Killed a phantom
  3873 | D:4      | Reached XP level 6. HP: 29/45 MP: 6/9
  4046 | D:4      | Found Udwu's Weapon Boutique.
  4187 | D:4      | Reached skill level 8 in Conjurations
  4557 | D:5      | Entered Level 5 of the Dungeon
  4570 | D:4      | Your scales start taking on a dull iron-grey colour.
  4570 | D:4      | Reached XP level 7. HP: 46/50 MP: 10/10
  4699 | D:5      | Reached skill level 9 in Conjurations
  4716 | D:5      | Found a runed translucent door.
  4743 | D:5      | Noticed gabibbone's ghost (amateur TeBr)
  4755 | D:5      | Found an iron altar of Okawaru.
  4944 | D:5      | Noticed Prince Ribbit
  4967 | D:5      | Killed Prince Ribbit
  4968 | D:5      | Reached XP level 8. HP: 36/57 MP: 4/12
  5494 | D:5      | Found a glowing golden altar of the Shining One.
  5507 | D:5      | Reached skill level 1 in Fighting
  5926 | D:6      | Killed an angel
  6119 | D:6      | Noticed a two-headed ogre
  6351 | D:6      | Reached skill level 5 in Fighting
  6448 | D:6      | Found a sacrificial altar of Ru.
  6448 | D:6      | Found a sparkling altar of Nemelex Xobeh.
  6455 | D:6      | Found an opulent altar of Gozag.
  6457 | D:6      | Found a burning altar of Makhleb.
  6459 | D:6      | Found a faded altar of an unknown god.
  6531 | D:6      | Found a shimmering altar of Xom.
  6532 | D:6      | Found a glowing silver altar of Zin.
  6543 | D:6      | Reached skill level 1 in Translocations
  6705 | D:6      | Noticed Blork the orc
  6705 | D:6      | Found the +2 ratskin cloak {*Rats rPois rN+ Str-1 Int-1
                  | Dex+1}
  6722 | D:6      | Killed Blork the orc
  6937 | D:6      | Killed a two-headed ogre
  6938 | D:6      | Reached skill level 5 in Spellcasting
  6938 | D:6      | Reached XP level 9. HP: 28/74 MP: 3/17
  7228 | D:7      | Noticed a troll
  7247 | D:7      | Killed a troll
  7527 | D:7      | Found Jaemaxor's Antique Armour Shop.
  7555 | D:7      | Found a staircase to the Ecumenical Temple.
  7564 | Temple   | Entered the Ecumenical Temple
  7998 | D:7      | Found a shimmering blue altar of Sif Muna.
  8252 | D:8      | Noticed Grum
  8252 | D:8      | Found Ogoshoo's Book Boutique.
  8255 | D:8      | Killed Grum
  8470 | D:8      | Found a flagged portal.
  8571 | D:8      | Reached XP level 10. HP: 58/81 MP: 22/22
  9060 | D:8      | Reached skill level 10 in Spellcasting
  9601 | D:9      | Identified the +10 quarterstaff of Zaclag {speed, rPois
                  | Will+}
  9672 | D:9      | Found a runed translucent gate.
  9672 | D:9      | Found a runed translucent gate.
  9672 | D:9      | Found a runed translucent gate.
  9673 | D:9      | Noticed a nine-headed hydra
  9673 | D:9      | Noticed Stoves66's ghost (novice HuAr)
  9674 | D:9      | Noticed a ten-headed hydra
 10081 | D:9      | Reached skill level 10 in Conjurations
 10380 | D:9      | Reached skill level 11 in Conjurations
 10547 | D:9      | Found a radiant altar of Vehumet.
 10552 | D:9      | Became a worshipper of Vehumet
 10711 | D:9      | Reached skill level 12 in Conjurations
 10711 | D:9      | Reached XP level 11. HP: 69/88 MP: 10/25
 10821 | D:9      | Found Woxut's Serpentskin Sales.
 10870 | D:9      | Noticed a two-headed ogre
 10878 | D:9      | Killed a two-headed ogre
 11239 | D:10     | Entered Level 10 of the Dungeon
 11242 | D:10     | Noticed a boulder beetle
 11266 | D:10     | Killed a boulder beetle
 11570 | D:10     | Found a stormy altar of Qazlal.
 11660 | D:10     | Noticed a two-headed ogre
 11674 | D:10     | Killed a two-headed ogre
 12158 | D:10     | Found a portal to a secret trove of treasure.
 12538 | D:11     | Reached * piety under Vehumet
 12538 | D:11     | Offered knowledge of Kiss of Death by Vehumet.
 12544 | D:11     | Reached skill level 5 in Staves
 13007 | D:11     | Found a staircase to the Lair.
 13040 | D:11     | Identified a scroll of acquirement
 13041 | D:11     | Acquired the +0 cloak of the Thirsty Ships {rF+ rC+ rCorr}
 13678 | Lair:1   | Entered Level 1 of the Lair of Beasts
 13780 | Lair:1   | Noticed Gastronok
 13797 | Lair:1   | Killed Gastronok
 14440 | Lair:1   | Noticed a boulder beetle
 14467 | Lair:1   | Killed a boulder beetle
 14468 | Lair:1   | Reached XP level 12. HP: 48/103 MP: 14/26
 14761 | Lair:2   | Offered knowledge of Foxfire by Vehumet.
 14843 | Lair:2   | Reached ** piety under Vehumet
 15326 | Lair:2   | Found a hole to the Spider Nest.
 15330 | Lair:2   | Noticed Sonja
 15336 | Lair:2   | Killed Sonja
 15337 | Lair:2   | Reached skill level 10 in Fighting
 15901 | Lair:3   | Reached skill level 5 in Dodging
 15986 | Lair:3   | Noticed a five-headed hydra
 15996 | Lair:3   | Killed a five-headed hydra
 16352 | Lair:3   | Offered knowledge of Frozen Ramparts by Vehumet.
 16389 | Lair:3   | Learned a level 3 spell: Frozen Ramparts
 16398 | Lair:3   | Learned a level 8 spell: Lehudib's Crystal Spear
 16530 | Lair:3   | Reached *** piety under Vehumet
 16592 | Lair:3   | Found a staircase to the Shoals.
 17162 | Lair:4   | Found a dark tunnel.
 17171 | Volcano  | Entered a volcano
 17426 | Volcano  | Offered knowledge of Inner Flame by Vehumet.
 17550 | Volcano  | Noticed a stone giant
 17572 | Volcano  | Killed a stone giant
 17573 | Volcano  | Reached XP level 13. HP: 64/113 MP: 27/27
 17728 | Volcano  | Found a radiant altar of Vehumet.
 17797 | Volcano  | Identified the +3 pair of boots of Dishonour {Drain +Blink
                  | rElec rPois}
 18098 | Lair:4   | Identified the +0 leather armour of the Salamander {Contam
                  | rF+++ Str+6}
 18585 | Lair:5   | Entered Level 5 of the Lair of Beasts
 18612 | Lair:5   | Identified the +6 rapier "Nugav" {protect, Int+2}
 18699 | Lair:5   | Noticed a dire elephant
 18716 | Lair:5   | Reached skill level 1 in Earth Magic
 18779 | Lair:5   | Reached **** piety under Vehumet
 18854 | Lair:5   | Reached skill level 5 in Earth Magic
 19024 | Lair:5   | Offered knowledge of Hailstorm by Vehumet.
 19456 | Lair:5   | Found a runed translucent gate.
 19456 | Lair:5   | Found a runed translucent gate.
 19457 | Lair:5   | Found a runed translucent gate.
 19460 | Lair:5   | Noticed DEFE's ghost (journeyman AtFi)
 19464 | Lair:5   | Found a shimmering altar of Xom.
 19550 | Lair:5   | Reached skill level 13 in Conjurations
 19777 | Lair:5   | Found a viscous altar of Jiyva.
 19777 | Lair:5   | Found a staircase to the Slime Pits.
 20173 | Lair:5   | Killed a dire elephant
 20173 | Lair:5   | Reached ***** piety under Vehumet
 20174 | Lair:5   | Reached skill level 14 in Conjurations
 20573 | D:12     | Acquired the ring of Vehumet's Displeasure {Wiz SInv}
 20810 | D:12     | Reached XP level 14. HP: 53/121 MP: 27/29
 20812 | D:12     | Offered knowledge of Lightning Bolt by Vehumet.
 21309 | D:12     | Found a staircase to the Orcish Mines.
 21783 | D:13     | Reached skill level 15 in Conjurations
 22652 | D:13     | Reached skill level 16 in Conjurations
 23014 | D:13     | Found a gate to the Vaults.
 23260 | D:13     | Identified the +1 robe of the Present {rC+ Regen+ Dex+5
                  | Slay-5}
 23388 | D:13     | Found an opulent altar of Gozag.
 23995 | D:14     | Found Uteak's Armour Shop.
 24043 | D:14     | Found a gate leading to a gauntlet.
 24062 | Gauntlet | Entered a Gauntlet
 24062 | Gauntlet | Found a transporter.
 24072 | Gauntlet | Found a transporter.
 24083 | Gauntlet | Found a transporter.
 24086 | Gauntlet | Found a transporter.
 24095 | Gauntlet | Found a transporter.
 24116 | Gauntlet | Found a transporter.
 24127 | Gauntlet | Found a transporter.
 24134 | Gauntlet | Found a runed translucent door.
 24140 | Gauntlet | Found a transporter.
 24158 | Gauntlet | Found a transporter.
 24172 | Gauntlet | Found a transporter.
 24172 | Gauntlet | Found a transporter.
 24220 | Gauntlet | Found a transporter.
 24234 | Gauntlet | Found a transporter.
 24247 | Gauntlet | Found a transporter.
 24533 | Gauntlet | Reached skill level 17 in Conjurations
 24544 | Gauntlet | Identified the ring of Zoomuir {rC+ AC+4}
 24557 | Gauntlet | Identified the +7 morningstar of the Ecumenical Temple
                  | {freeze, Stlth+}
 24594 | Gauntlet | Identified the +0 steam dragon scales of Somewhere Else
                  | {Fly rC+ rN+}
 24600 | Gauntlet | Identified the ring of Tah Faop {Ice Int+5}
 24889 | D:14     | Noticed Snorg
 24900 | D:14     | Killed Snorg
 25200 | D:14     | Found a broken altar of Ashenzari.
 25227 | D:14     | Reached skill level 10 in Earth Magic
 25617 | D:15     | Entered Level 15 of the Dungeon
 25664 | D:15     | Reached XP level 15. HP: 125/126 MP: 30/30
 25673 | D:15     | Found Byokkialy's Armour Emporium.
 25811 | D:15     | Found a staircase to the Depths.
 26695 | Orc:1    | Entered Level 1 of the Orcish Mines
 26751 | Orc:1    | Offered knowledge of Irradiate by Vehumet.
 26931 | Orc:1    | Learned a level 5 spell: Irradiate
 27099 | Orc:2    | Entered Level 2 of the Orcish Mines
 27099 | Orc:2    | Noticed Saint Roka
 27099 | Orc:2    | Found Meck's General Store.
 27116 | Orc:2    | Gained mutation: You are weak. (Str -2) [a neqoxec]
 28327 | Shoals:1 | Entered Level 1 of the Shoals
 28415 | Shoals:1 | Found Lemabb's Antique Weapon Shop.
 28771 | Shoals:1 | Identified the +5 great sword of the Hurling Gods
                  | {antimagic, rN+ Dex+2}
 29086 | Shoals:1 | Found the +3 giant club "Skullcrusher" {speed, Str+7}
 29753 | Shoals:2 | Reached skill level 15 in Earth Magic
 30483 | Shoals:2 | Offered knowledge of Arcjolt by Vehumet.
 30705 | Shoals:2 | Found Iworimnu's Antique Weapon Shop.
 30804 | Shoals:2 | Found Toanoyss's General Store.
 31758 | Shoals:3 | Reached XP level 16. HP: 138/138 MP: 31/31
 32130 | Shoals:3 | Found a blossoming altar of Fedhas.
 32454 | Shoals:4 | Entered Level 4 of the Shoals
 33145 | Shoals:4 | Identified the ring of Itaffoap {rF+ rC+ rN+}
 33392 | Shoals:4 | Reached skill level 10 in Staves
 34751 | Shoals:4 | Offered knowledge of Iron Shot by Vehumet.
 35500 | Shoals:4 | Found a runed translucent gate.
 35500 | Shoals:4 | Found a runed translucent gate.
 35500 | Shoals:4 | Found a runed translucent gate.
 35559 | Shoals:4 | Noticed QuickerDeath's ghost (adept DrCj)
 35560 | Shoals:4 | Found an opulent altar of Gozag.
 35978 | Shoals:4 | Got a barnacled rune of Zot
 35979 | Shoals:4 | Upgraded the game from 0.30-a0-331-g8ab09dc110 to
                  | 0.30-a0-335-ge5acde7520
 36085 | Shoals:4 | Identified the amulet "Ficre" {Acrobat Harm Will+}
 36769 | Spider:1 | Entered Level 1 of the Spider Nest
 36999 | Spider:1 | Identified the +10 flail of Jagykonn {holy, rF+ Str+2}
 37695 | Spider:2 | Reached XP level 17. HP: 77/144 MP: 32/32
 37821 | Spider:2 | Offered knowledge of Yara's Violent Unravelling by Vehumet.
 37996 | Spider:2 | Reached skill level 10 in Dodging
 38516 | Spider:2 | Noticed Mlioglotl
 38522 | Spider:2 | Killed Mlioglotl
 39249 | Spider:3 | Identified Roxanne's Guide on Transmutation
 39249 | Spider:3 | Noticed Roxanne
 39261 | Spider:3 | Killed from afar by Roxanne

Illustrated notes

Levels and vault maps discovered:
D:1:      dpeg_arrival_houses_and_road, layout_basic,
          hellmonk_ecumenical_altar_arch_garden
D:2:      layout_loops_ring, minmay_gold_behind_fungi, kennysheep_generic_room_2
D:3:      minmay_diamond_boxcup, layout_basic, marbit_many_paths
D:4:      layout_loops_ring, bloody_trog, serial_shops,
          nicolae_shop_statue_plus, grunt_ministairs_12, minmay_misc_feat_cross,
          st_stairs_8
D:5:      layout_basic, okawaru_gym_becter, kennysheep_mini_moat,
          hellmonk_ghost_happy_afterlife, corexii_checkpoint_a,
          uniq_prince_ribbit1
D:6:      wander_guarded_unrand_ratskin, layout_rooms,
          grunt_temple_overflow_order_and_chaos_1,
          chequers_temple_overflow_minitemple, uniq_blork_the_orc
D:7:      layout_basic, nicolae_sif_muna_little_library, temple_pool_b,
          serial_curves, eino_curves_03, eino_curves_02, eino_curves_03,
          eino_curves_01, serial_shops, shop, dk_noncrumbling_4
D:8:      kennysheep_seaside_town, layout_basic, enter_bailey_6, serial_shops,
          shop, uniq_grum
D:9:      layout_stronghold, vehumet_crystals, gammafunk_ghost_hydra_chop,
          guppyfry_shop_venom
D:10:     layout_layer_cave, lemuel_coloured_pillars_altar, enter_trove_6
D:11:     layout_long_grid, david_lair_shrubbed
D:12:     layout_cave_pools, david_orc_3
D:13:     layout_irregular_city, hangedman_vaults_entry_quadrant_bands,
          grunt_gozag_statues
D:14:     layout_loops_cross, gauntlet_entry_generic, serial_shops, shop_statue,
          ashenzari_altar_1, uniq_snorg
D:15:     grunt_enter_depths_giant_problem, layout_loops_ring, serial_shops,
          shop_fountains, argonaut_gorgonesque
Temple:   compressed_dpeg_triangle_lava_temple
Lair:1:   layout_chaotic_city, grunt_megastairs_2, uniq_gastronok
Lair:2:   layout_loops_ring, spider_nest_entry_webs, uniq_sonja
Lair:3:   beast_lair_carwin_large_3, layout_gridlike,
          minmay_shoals_entry_lonely_mermaid, serial_bayou_pond_a,
          infiniplex_staircase_pool_2
Lair:4:   layout_regular_city, nicolae_volcano_entry_s_turn,
          serial_bayou_shore_b, lemuel_fruit_tree
Lair:5:   due_jungle_book, layout_loops_ring, dpeg_slime_entry_enclosed,
          ebering_ghost_rock_garden, basic_altar, lookout_lair_type,
          serial_bayou_ford_a
Shoals:1: layout_shoals, serial_shops, nicolae_shop_hallway_stairs
Shoals:2: layout_shoals, serial_shops, shop, nicolae_shop_stone
Shoals:3: cheibrodos_shoals_roost, layout_shoals, lemuel_centaur_altar
Shoals:4: shoals_end_grunt_ice, layout_shoals, ebering_ghost_gozag
Spider:1: layout_spider_delve
Spider:2: layout_spider_delve, nicolae_spider_paper_wasps, uniq_mlioglotl
Spider:3: layout_spider_delve, gammafunk_ghost_mausoleum, uniq_roxanne
Orc:1:    layout_caves, elf_legates, uniq_maurice
Orc:2:    grunt_orc_gardens, layout_caves, grunt_orc_garden, grunt_orc_garden,
          grunt_orc_garden, grunt_orc_garden, portal_ice_cave_entry_imps,
          mines5_lemuel, uniq_saint_roka, uniq_rupert

Skill      XL: |  1  2  3  4  5  6  7  8  9 10 11 12 13 14 15 16 17 |
---------------+----------------------------------------------------+-----
Conjurations   | 5 6 7 8 9 12 14 17 | 17.1
Spellcasting   | 3 5 8 10 11 | 11.1
Dodging        | 3 4 9 11 | 11.1
Fighting       | 5 8 10 11 | 11.4
Translocations | 3 |  3.1
Staves         | 7 14 | 14.0
Earth Magic    | 8 10 16 | 16.1
Stealth        | |  1.7

Action                   |  1- 3 |  4- 6 |  7- 9 | 10-12 | 13-15 | 16-18 || total
-------------------------+-------+-------+-------+-------+-------+-------++-------
Melee: Unarmed           |    18 |       |       |       |       |       ||    18
       Dagger            |    12 |    27 |   186 |       |       |       ||   225
       Tailslap          |     5 |     6 |    35 |    60 |   228 |    62 ||   396
       Short sword       |    47 |     3 |    11 |     6 |       |       ||    67
       Punch             |     1 |       |     4 |     3 |       |       ||     8
       Whip              |       |       |    36 |    47 |       |       ||    83
       Quarterstaff      |       |       |       |   380 |   928 |   290 ||  1598
 Cast: Magic Dart        |    71 |   134 |   123 |    54 |    34 |     7 ||   423
       Searing Ray       |       |     4 |    15 |    28 |    47 |     4 ||    98
       Iskenderun's Myst |       |       |    13 |    76 |   203 |   123 ||   415
       Frozen Ramparts   |       |       |       |       |    23 |    23 ||    46
       Lehudib's Crystal |       |       |       |       |    27 |    87 ||   114
       Irradiate         |       |       |       |       |       |     5 ||     5
Evoke: Wand              |       |       |       |     5 |     2 |       ||     7
       Lightning rod     |       |       |       |       |       |     5 ||     5
  Use: Scroll            |       |       |       |    21 |    12 |     2 ||    35
       Potion            |       |       |       |     1 |     1 |     2 ||     4
 Stab: Sleeping          |     1 |       |     9 |     3 |     1 |       ||    14
Armor: Skin              |    49 |    12 |   112 |   153 |   495 |   216 ||  1037
Dodge: Dodged            |    86 |    29 |   150 |   251 |   647 |   296 ||  1459

Table legend: (Time is in decaauts)
 A = Elapsed time spent in this place.
 B = Non-inter-level travel time spent in this place.
 C = Inter-level travel time spent in this place.
 D = Time resting spent in this place.
 E = Time spent auto-exploring this place.
 F = Levels seen in this place.
 G = Mean time per level.
                   A        B        C        D        E       F      G
               +--------+--------+--------+--------+--------+-----+--------+
         Total |  38671 |  36825 |   1846 |   4177 |  26977 |  32 | 1208.5 |
       Dungeon |  18926 |  17620 |   1306 |    242 |  14459 |  15 | 1261.7 |
        Temple |    294 |    281 |     13 |      0 |    252 |   1 |  294.0 |
          Lair |   6184 |   5913 |    271 |     98 |   4857 |   5 | 1236.8 |
        Shoals |   8290 |   8100 |    190 |   2345 |   4842 |   4 | 2072.5 |
   Spider Nest |   2305 |   2289 |     16 |    395 |   1546 |   3 |  768.3 |
  Orcish Mines |   1513 |   1466 |     47 |   1003 |    291 |   2 |  756.5 |
       Volcano |    624 |    624 |      0 |     88 |    385 |   1 |  624.0 |
      Gauntlet |    532 |    532 |      0 |      5 |    344 |   1 |  532.0 |
               +--------+--------+--------+--------+--------+-----+--------+

Top non-repeatable levels by time:
Shoals:3: 3919 daAuts
    D:13: 1987 daAuts
  Lair:5: 1764 daAuts
     D:3: 1632 daAuts
Shoals:4: 1550 daAuts
     D:5: 1449 daAuts
    D:12: 1443 daAuts
   Orc:1: 1431 daAuts
Shoals:2: 1422 daAuts
Spider:2: 1402 daAuts
Shoals:1: 1398 daAuts
     D:8: 1366 daAuts
  Lair:3: 1348 daAuts
     D:9: 1343 daAuts
    D:11: 1294 daAuts
